 Dungeon Crawl Stone Soup version 0.25-a0-860-gf695395b5c (webtiles) character file.

Game seed: 4488386946632231881, levelgen mode: deterministic

53 Esekla the Charmwright (level 3, -6/20 HPs)
             Began as a Deep Elf Skald on Apr 28, 2020.
             Was a Follower of Kikubaaqudgha.
             Mangled by a worm (11 damage)
             ... on level 2 of the Dungeon.
             The game lasted 00:10:56 (1963 turns).

Esekla the Charmwright (Deep Elf Skald)             Turns: 1963, Time: 00:10:58

Health: -6/20      AC:  5    Str:  8    XL:     3   Next: 62%
Magic:  4/10       EV: 12    Int: 18    God:    Kikubaaqudgha [*.....]
Gold:   115        SH:  0    Dex: 14    Spells: 1/9 levels left

rFire    . . .     SeeInvis .   a - +0 falchion
rCold    . . .     Gourm    .   (no shield)
rNeg     . . .     Faith    .   b - +0 leather armour
rPois    .         Spirit   .   (no helmet)
rElec    .         Reflect  .   (no cloak)
rCorr    .         Harm     .   g - +1 pair of gloves
MR       .....                  (no boots)
Stlth    +.........             (no amulet)
HPRegen  0.06/turn              (no ring)
MPRegen  0.12/turn              (no ring)

@: very slightly contaminated, lightly drained
A: no striking features
a: Receive Corpses, Renounce Religion


You were on level 2 of the Dungeon.
You worshipped Kikubaaqudgha.
Kikubaaqudgha was aware of your devotion.
You were near starving.

You visited 1 branch of the dungeon, and saw 3 of its levels.

You collected 115 gold pieces.

Inventory:

Hand Weapons
 a - a +0 falchion (weapon)
Armour
 b - a +0 leather armour (worn)
 g - a +1 pair of gloves (worn)
Jewellery
 f - an uncursed ring of teleportation
Scrolls
 e - a scroll of remove curse
Potions
 c - a potion of haste {unknown}
 i - a potion of degeneration {unknown}
 j - a potion of resistance {unknown}
Comestibles
 d - a ration


   Skills:
 - Level 1.5(1.1) Fighting
 * Level 2.7(2.3) Long Blades
 - Level 0.7(0.2) Armour
 + Level 2.7(2.2) Dodging
 * Level 3.8(3.3) Spellcasting
 - Level 4.4(3.9) Charms
 * Level 0.6(0.1) Necromancy
 * Level 1.0(0.6) Translocations


You had one spell level left.
You knew the following spells:

 Your Spells              Type           Power        Failure   Level  Hunger
a - Infusion              Chrm           ###.         4%          1    None
b - Shroud of Golubria    Chrm/Tloc      ##....       13%         2    ##.....
c - Song of Slaying       Chrm           ###.....     7%          2    ##.....
d - Vampiric Draining     Necr           #.........   52%         3    ###....

Your spell library contained the following spells:

 Spells                   Type           Power        Failure   Level  Hunger
 Pain                     Necr           #...         21%         1    None
 Sublimation of Blood     Necr           #.........   30%         2    ##.....
 Ozocubu's Armour         Chrm/Ice       ##......     30%         3    ###....
 Spectral Weapon          Hex/Chrm       ##......     30%         3    ###....
 Corpse Rot               Necr/Air       N/A          32%         2    ##.....


Dungeon Overview and Level Annotations

Branches:
Dungeon (3/15)

Altars:
Cheibriados
Elyvilon
Kikubaaqudgha


Message History

Aim: a worm (almost dead)
You miscast Vampiric Draining.
You are very lightly contaminated with residual magic.
Nothing appears to happen.
You are near starving!
The worm bites you but does no damage.
Casting: Vampiric Draining (dangerous; 43% risk of failure)
Confirm with . or Enter, or press ? or * to list all spells.
Aiming: Vampiric Draining (dangerous; 43% risk of failure)
Press: ? - help, Shift-Dir - straight line, f/p - worm
Aim: a worm (severely wounded)
You miscast Vampiric Draining.
The world around you seems to dim momentarily!
You feel drained.
Ouch! That really hurt!
* * * LOW HITPOINT WARNING * * *
The worm bites you!
Ouch! That really hurt!
You die...
Kikubaaqudgha rasps: "You have failed me!
Welcome... death!"

####+#####.# #...♣_.♣...
#..........# #..♣♣.♣♣..♣
#.#......### #..♣♣♣.♣♣♣♣
#.#......#######..♣♣.♣♣♣♣♣
..........<........♣.......
..#.#..##.#####.##########.#
...........###.# #..
..###.#...#.....#### #..
>.........w@.......# #..
#.#.....#...#.##.# #..
#####.#.#.#.##.##.......
#...#.#.........#..#
#####.###.#.#.. .... # #[
..# .#..# .. #.##.#..# #.
.## ##.# #.#


You could see a worm.

Vanquished Creatures
  An adder (D:2)
  An ooze (D:1)
  3 dart slugs (D:1)
  A leopard gecko (D:2)
  2 ball pythons
  3 bats (D:1)
  3 giant cockroaches
  3 goblins
  4 hobgoblins
  4 jackals
  2 kobolds (D:2)
  A frilled lizard (D:1)
  2 rats (D:1)
30 creatures vanquished.

Notes
Turn   | Place    | Note
-------+----------+-------------------------------------------
     0 | D:1      | Esekla the Deep Elf Skald began the quest for the Orb.
     0 | D:1      | Reached XP level 1. HP: 12/12 MP: 6/6
   268 | D:2      | Found a faded altar of an unknown god.
   279 | D:2      | Became a worshipper of Kikubaaqudgha
   279 | D:2      | Reached * piety under Kikubaaqudgha
   279 | D:2      | Identified Kikubaaqudgha's Incunabulum of Sinister Rituals
                  | (Kikubaaqudgha gifted it to you on level 2 of the Dungeon)
   279 | D:2      | Received a gift from Kikubaaqudgha
   627 | D:1      | Reached XP level 2. HP: 8/16 MP: 4/8
   634 | D:1      | Learned a level 2 spell: Shroud of Golubria
   637 | D:1      | Learned a level 2 spell: Song of Slaying
   833 | D:2      | Found a snail-covered altar of Cheibriados.
   920 | D:2      | Reached XP level 3. HP: 15/20 MP: 3/10
   939 | D:2      | Found a white marble altar of Elyvilon.
  1000 | D:1      | Learned a level 3 spell: Vampiric Draining
  1663 | D:1      | Reached skill level 1 in Translocations
  1963 | D:2      | Mangled by a worm

Levels and vault maps discovered:
D:1:      minmay_arrival_stone_box, layout_basic, minmay_pentomino_x4
D:2:      layout_basic, lemuel_round_altar, old_standard_altar,
          chequers_ecumenical_altar_grove, kennysheep_generic_room_9,
          uniq_crazy_yiuf_cottage
D:3:      minmay_thinvault, layout_rooms, nicolae_overflow_hidden_temple,
          gammafunk_temple_overflow_forgotten, first_ration,
          nicolae_qazlal_eye_of_the_storm, uniq_terence

Skill      XL: |  1  2  3 |
---------------+----------+-----
Long Blades    | 2 |  2.7
Translocations | 1 |  1.0
Fighting       | |  1.5
Armour         | |  0.7
Dodging        | |  2.7
Spellcasting   | |  3.8
Charms         | |  4.4
Necromancy     | |  0.6

Action                   || total
-------------------------++-------
Melee: Falchion          ||    87
 Cast: Infusion          ||     5
       Shroud of Golubri ||     4
  Use: Scroll            ||     4
 Stab: Sleeping          ||     2
  Eat: Chunk             ||     2
Armor: Leather armour    ||    32
Dodge: Dodged            ||    70
       Rpst.: Falchion   ||    27

Table legend:
 A = Non-vault XP
 B = Vault XP
 C = Vault XP percentage of total XP
 D = Non-vault monster count
 E = Vault monster count
 F = Vault count percentage of total count
                 A         B        C        D         E       F
            +---------+---------+-------+---------+---------+-------
      Total |      75 |       1 |   1.3 |      29 |       1 |   3.3
            +---------+---------+-------+---------+---------+-------
        D:1 |      43 |       1 |   2.3 |      19 |       1 |   5.0
        D:2 |      32 |       0 |   0.0 |      10 |       0 |   0.0
            +---------+---------+-------+---------+---------+-------
